Map: Ley Lines

Players

GangusKaun

  • Race: Protoss Protoss
  • League: Gold
  • Spawn Location: 1:00

MOTHBALLS - Winner!

  • Race: Protoss Protoss
  • Spawn Location: 7:00

VOD

Have the link to the VOD?

Description

Time

  • Played on: Dec. 8, 2024, 11:57 a.m.
  • Length: 3:19
Show
View Real Time Build Order
Export as new Build Order

GangusKaun Protoss 

Build Orders:  

Get SALT Encoding   

  12  0:11  Pylon  
  12  0:13  Probe  
  13  0:25  Probe  
  14  0:30  Gateway  
  14  0:36  Probe  
  15  0:44  Probe  
  16  0:52  Assimilator, Probe  
  17  1:08  Probe  
  18  1:19  Cybernetics Core  
  18  1:20  Probe  
  19  1:37  Pylon  
  19  1:58  Shield Battery  
  12  2:50  Twilight Council  
  12  2:53  Assimilator  
Show
View Real Time Build Order
Export as new Build Order

MOTHBALLS Protoss - Winner!

Build Orders: Forge Fast Expand (FFE) 

Get SALT Encoding   

  1  0:00  Probe  
  12  0:05  Probe  
  14  0:18  Pylon  
  14  0:24  Probe  
  15  0:36  Forge  
  15  0:41  Probe  
  16  0:54  Probe  
  17  1:19  Nexus  
  17  1:21  Pylon  
  17  1:28  Pylon  
  17  1:33  Pylon  
  17  1:40  Photon Cannon  
  17  1:52  Pylon  
  17  1:56  Photon Cannon  
  17  2:01  Photon Cannon  
  17  2:07  Photon Cannon  
  17  2:08  Photon Cannon  
  17  2:18  Pylon  
  17  2:25  Photon Cannon  
  17  2:33  Photon Cannon  
  17  2:36  Photon Cannon  
  17  2:50  Photon Cannon  
  17  2:59  Assimilator  
  17  3:00  Assimilator  
  17  3:05  Gateway  
  17  3:10  Pylon  
Tags
 
League
Gold
Matchup
PvP
Spawn Locations
Cross Positions
Add a new tag
Caveats
  • Supply blocks, unpowered buildings, or Contaminate may cause inaccurate times.
  • Supply counts are checked every 10 seconds.